 Dungeon Crawl Stone Soup version 0.21.0-3-g78d12a8bdd (webtiles) character file.

6932 Kalmarka777 the Thaumaturge (level 10, -5/50 HPs)
             Began as a Deep Elf Necromancer on Jan 9, 2018.
             Was a Follower of Vehumet.
             Slain by a catoblepas (26 damage)
             ... on level 12 of the Dungeon.
             The game lasted 00:47:17 (11294 turns).

Kalmarka777 the Thaumaturge (Deep Elf Necromancer) Turns: 11294, Time: 00:47:17

Health: -5/50      AC: 10    Str:  7    XL:     10   Next: 80%
Magic:  11/29      EV: 16    Int: 30    God:    Vehumet [*.....]
Gold:   587        SH:  0    Dex: 15    Spells: 5/35 levels left

rFire    + . .     SeeInvis .   i - +1 dagger (drain)
rCold    . . .     Gourm    .   (no shield)
rNeg     . . .     Faith    .   v - +1 troll leather armour {Purgy}
rPois    .         Spirit   .   (no helmet)
rElec    .         Reflect  .   k - +0 cloak
rCorr    .         Harm     .   r - +0 pair of gloves
MR       +....                  d - +0 pair of boots
Stlth    ++........             (no amulet)
HPRegen  0.56/turn              e - +4 ring of intelligence
MPRegen  0.21/turn              m - ring of wizardry

@: about to teleport
A: icy blue scales 1, clever 1, fire resistance 1, strong 1, evolution 1
a: Renounce Religion


You were on level 12 of the Dungeon.
You worshipped Vehumet.
Vehumet was aware of your devotion.
You were not hungry.

You visited 1 branch of the dungeon, and saw 10 of its levels.
You also visited: Sewer.

You collected 587 gold pieces.

Inventory:

Hand Weapons
 i - a +1 dagger of draining (weapon)
Armour
 d - a +0 pair of boots (worn)
 k - a +0 cloak (worn)
 r - a +0 pair of gloves (worn)
 v - a +1 troll leather armour (worn) {Purgy}
 y - a +2 robe of magic resistance
 K - the +8 large shield "Leutitudd" {MR+ Dex+3 Slay+2}
   (You found it on level 12 of the Dungeon)

   It affects your dexterity (+3).
   It affects your accuracy and damage with ranged weapons and melee attacks
   (+2).
   It affects your resistance to hostile enchantments.
Magical Staves
 a - an uncursed staff of fire
Jewellery
 e - a +4 ring of intelligence (left hand)
 m - a ring of wizardry (right hand)
 D - an uncursed ring of protection from fire
Wands
 n - a wand of flame (62)
 C - a wand of scattershot (7)
 E - a wand of random effects (58)
 F - a wand of acid (7)
 G - a wand of polymorph (31)
 H - a wand of disintegration (11)
 J - a wand of iceblast (12)
Scrolls
 f - 3 scrolls of remove curse
 h - 3 scrolls of fog
 j - a scroll of teleportation
 l - 2 scrolls of identify
 q - 2 scrolls of enchant weapon
 s - 2 scrolls of magic mapping
 w - 2 scrolls of enchant armour
 B - 3 scrolls of amnesia
Potions
 g - 2 potions of curing
 o - a potion of might
 p - a potion of heal wounds
 t - 2 potions of agility
 u - a potion of berserk rage
 x - 2 potions of haste
 z - 2 potions of magic
 L - a potion of brilliance {unknown}
Books
 b - a book of Necromancy

   Spells                             Type                      Level
   a - Pain                           Necromancy                   1
   b - Animate Skeleton               Necromancy                   1
   c - Vampiric Draining              Necromancy                   3
   d - Regeneration                   Charms/Necromancy            3
   e - Animate Dead                   Necromancy                   4
   f - Borgnjor's Vile Clutch         Necromancy/Earth             5
 I - a book of Misfortune

   Spells                             Type                      Level
   a - Confusing Touch                Hexes                        1
   b - Confuse                        Hexes                        3
   c - Gell's Gravitas                Translocation                3
   d - Petrify                        Transmutation/Earth          4
   e - Metabolic Englaciation         Hexes/Ice                    5
   f - Yara's Violent Unravelling     Hexes/Transmutation          5
Miscellaneous
 A - a phial of floods
Comestibles
 c - 17 rations


   Skills:
 + Level 2.9 Armour
 + Level 7.2 Dodging
 - Level 3.1 Stealth
 + Level 13.3 Spellcasting
 + Level 2.2 Hexes
 + Level 1.1 Charms
 + Level 12.4 Necromancy
 + Level 0.1 Ice Magic
 + Level 4.1 Earth Magic


You had 5 spell levels left.
You knew the following spells:

 Your Spells              Type           Power        Failure   Level  Hunger
a - Pain                  Necr           ####         0%          1    None
b - Animate Skeleton      Necr           N/A          0%          1    None
c - Vampiric Draining     Necr           #######...   1%          3    None
d - Regeneration          Chrm/Necr      ######....   1%          3    None
e - Borgnjor's Vile Clut  Necr/Erth      ######....   1%          5    #......
f - Animate Dead          Necr           N/A          1%          4    None
g - Freeze                Ice            ###.         1%          1    None
h - Confuse               Hex            ####....     1%          3    None
i - Metabolic Englaciati  Hex/Ice        ####......   24%         5    #......
j - Gell's Gravitas       Tloc           ###.......   4%          3    None
k - Sting                 Conj/Pois      ###.         1%          1    None


Dungeon Overview and Level Annotations

Branches:
Dungeon (9/15)             Temple (0/1) D:7             Orc (0/2) D:12
   Lair: D:8-11

Altars:
Ashenzari
Nemelex Xobeh
Qazlal
Ru
Vehumet
Wu Jian

Shops:
D:4 ?   D:5 (   D:9 }

Annotations:
D:3 UranusSolar's ghost, amateur DrCj
D:4 BrokenGlass's ghost, novice OpFi
D:8 Psyche


Innate Abilities, Weirdness & Mutations

You are partially covered in icy blue scales. (AC +2)
Your mind is acute. (Int +2)
Your flesh is heat resistant. (rF+)
Your muscles are strong. (Str +2)
You evolve.


Message History

The zombie hands lose their grip on something.
The catoblepas closely misses you.
The catoblepas breathes a plume of calcifying dust at you.
The blast of calcifying dust hits you!
You are engulfed in calcifying dust.
You are slowing down.
You are engulfed in calcifying dust.
Your limbs are stiffening.
You have turned to stone.
The catoblepas gores you! The catoblepas gores you!! x2
The catoblepas gores you.
The ice beast stops moving altogether!
The catoblepas gores you but does no damage.
The catoblepas barely misses you. The catoblepas gores you!
You turn to flesh and can move again.
As you read the scroll of teleportation, it crumbles to dust.
You feel strangely unstable. The catoblepas gores you!!
Ouch! That really hurt!
You die...

### ..########
#.....Y..#
#########
#.Y#####.#
#.......# #.Y#
#.#######@#
...#
#.....CYY.#
...#
#)###.#####
...#####ยง# #.#
...YY..Y.# #.#
### ....#.####
#.# ....
#.#.#.#
#C###...##
..#...#
#...C.........#
..#.###
##.#....###.#.#


You could see a catoblepas, a cyclops and an ice beast (petrified).

Vanquished Creatures
  Erica (D:8)
  3 two-headed ogres
  2 trolls
  A hippogriff (D:7)
  A spriggan (D:7)
  A yak (D:6)
  A wyvern (D:6)
  Duvessa (D:4)
  A water moccasin (D:7)
  3 orc warriors
  3 sky beasts
  Purgy (Sewer)
  A black bear (D:6)
  4 centaurs
  2 ogres
  A big kobold (D:7)
  3 bullfrogs
  Dowan (D:4)
  4 scorpions
  5 howler monkeys
  A jelly (D:6)
  3 crimson imps
  A centaur zombie (D:9)
  5 orc priests
  4 hounds (D:4)
  An iguana (D:4)
  2 centaur skeletons
  5 orc wizards
  5 worker ants
  A statue (D:6)
  A hound skeleton (D:8)
  3 worker ant zombies
  A howler monkey skeleton (D:5)
  10 adders
  A shadow imp (D:6)
  An adder skeleton (D:5)
  3 worms
  3 dart slugs
  3 leopard geckos
  29 orcs
  8 giant cockroaches
  10 goblins
  4 hobgoblins
  20 jackals
  4 quokkas
  2 ball pythons (D:5)
  12 bats
  6 frilled lizards
  A giant cockroach zombie (D:6)
  A jackal skeleton (D:4)
  11 kobolds
  A leopard gecko skeleton (D:4)
  A quokka zombie (D:6)
  13 rats
217 creatures vanquished.

Vanquished Creatures (collateral kills)
  An ice beast (D:8)
  A bullfrog (D:8)
  A crimson imp (D:6)
  A bullfrog zombie (D:6)
  A quasit (D:6)
  A worker ant (D:7)
  A howler monkey zombie (D:6)
  A worker ant zombie (D:8)
  A shadow imp (D:6)
  An adder zombie (D:6)
  A leopard gecko (D:6)
  A quokka skeleton (D:6)
12 creatures vanquished.

Vanquished Creatures (others)
  A plant (D:7)
1 creature vanquished.

Grand Total: 230 creatures vanquished

Notes
Turn   | Place    | Note
-------+----------+-------------------------------------------
     0 | D:1      | Kalmarka777 the Deep Elf Necromancer began the quest for the Orb.
     0 | D:1      | Reached XP level 1. HP: 10/10 MP: 6/6
   245 | D:1      | Reached skill level 5 in Necromancy
   422 | D:1      | Reached XP level 2. HP: 2/15 MP: 1/8
   698 | D:1      | Learned a level 1 spell: Animate Skeleton
  1372 | D:1      | Gained mutation: You are partially covered in icy blue scales. (AC +2) [potion of mutation]
  1372 | D:1      | Gained mutation: You are agile. (Dex +2) [potion of mutation]
  1372 | D:1      | Gained mutation: You are occasionally teleported next to monsters. [potion of mutation]
  1372 | D:1      | Gained mutation: You have sharp fingernails. [potion of mutation]
  1565 | D:2      | Reached XP level 3. HP: 19/19 MP: 8/10
  1570 | D:2      | Learned a level 3 spell: Vampiric Draining
  1574 | D:2      | Learned a level 3 spell: Regeneration
  1938 | D:2      | Found a shattered altar of Ashenzari.
  2220 | D:2      | Reached skill level 4 in Spellcasting
  2308 | D:3      | Lost mutation: You are agile. (Dex +2) [potion of mutation]
  2308 | D:3      | Lost mutation: You are occasionally teleported next to monsters. [potion of mutation]
  2308 | D:3      | Lost mutation: You have sharp fingernails. [potion of mutation]
  2308 | D:3      | Gained mutation: Your muscles are strong. (Str +2) [potion of mutation]
  2308 | D:3      | Gained mutation: You evolve. [potion of mutation]
  2538 | D:3      | Reached XP level 4. HP: 24/24 MP: 10/12
  2664 | D:3      | Noticed UranusSolar's ghost (amateur DrCj)
  3535 | D:4      | Reached XP level 5. HP: 15/28 MP: 9/14
  3540 | D:4      | Noticed BrokenGlass's ghost (novice OpFi)
  3762 | D:4      | Learned a level 5 spell: Borgnjor's Vile Clutch
  3777 | D:4      | Reached skill level 5 in Spellcasting
  3809 | D:4      | Found Xisugit's Magic Scroll Shop.
  3876 | D:4      | Reached XP level 6. HP: 25/32 MP: 3/16
  4022 | D:4      | Noticed Duvessa
  4024 | D:4      | Noticed Dowan
  4028 | D:4      | Killed Duvessa
  4028 | D:4      | Reached skill level 6 in Spellcasting
  4028 | D:4      | Killed Dowan
  4181 | D:4      | Reached skill level 1 in Earth Magic
  4181 | D:4      | Reached XP level 7. HP: 29/36 MP: 7/18
  4385 | D:4      | Reached skill level 7 in Spellcasting
  4658 | D:5      | Entered Level 5 of the Dungeon
  4757 | D:5      | Learned a level 4 spell: Animate Dead
  4840 | D:5      | Found Wugis's Antique Weapon Shop.
  4942 | D:5      | Found a glowing drain.
  4983 | Sewer    | Entered a sewer
  5008 | Sewer    | Noticed Purgy
  5102 | Sewer    | Killed Purgy
  5102 | Sewer    | Reached skill level 8 in Spellcasting
  5313 | D:5      | Reached XP level 8. HP: 37/41 MP: 15/22
  6116 | D:6      | Found a radiant altar of Vehumet.
  6277 | D:6      | Got a twisted robe
  6306 | D:6      | Identified the cursed +1 robe of Kaitiul {Str+2} (You found it on level 6 of the Dungeon)
  6323 | D:6      | Gained mutation: Your flesh is heat resistant. (rF+) [evolution]
  6408 | D:6      | Reached skill level 9 in Spellcasting
  6417 | D:6      | Reached skill level 1 in Armour
  6516 | D:6      | Reached skill level 10 in Spellcasting
  6536 | D:6      | Reached skill level 10 in Necromancy
  6700 | D:6      | Reached XP level 9. HP: 36/45 MP: 25/25
  6949 | D:6      | Became a worshipper of Vehumet
  7056 | D:7      | Noticed a troll
  7415 | D:7      | Reached skill level 11 in Spellcasting
  7578 | D:7      | Found a staircase to the Ecumenical Temple.
  7863 | D:7      | Reached * piety under Vehumet
  7863 | D:7      | Offered knowledge of Freeze by Vehumet.
  7863 | D:7      | Reached skill level 5 in Dodging
  7867 | D:7      | Learned a level 1 spell: Freeze
  8353 | D:7      | Killed a troll
  8490 | D:8      | Noticed Erica
  8497 | D:8      | Killed Erica
  8497 | D:8      | Reached XP level 10. HP: 30/50 MP: 21/27
  8519 | D:8      | Reached skill level 12 in Spellcasting
  8721 | D:8      | Noticed a two-headed ogre
  8734 | D:8      | Killed a two-headed ogre
  9444 | D:8      | Noticed a two-headed ogre
  9463 | D:8      | Killed a two-headed ogre
  9463 | D:8      | Reached skill level 1 in Charms
  9689 | D:8      | Noticed Psyche
  9788 | D:8      | Found a sparkling altar of Nemelex Xobeh.
  9794 | D:8      | Gained mutation: Your mind is acute. (Int +2) [evolution]
  9882 | D:8      | Found an ornate altar of the Wu Jian Council.
 10109 | D:9      | Noticed a two-headed ogre
 10151 | D:9      | Learned a level 3 spell: Confuse
 10157 | D:9      | Learned a level 5 spell: Metabolic Englaciation
 10161 | D:9      | Learned a level 3 spell: Gell's Gravitas
 10541 | D:9      | Reached skill level 13 in Spellcasting
 10600 | D:9      | Found a sacrificial altar of Ru.
 10710 | D:9      | Reached ** piety under Vehumet
 10720 | D:9      | Found a stormy altar of Qazlal.
 10824 | D:9      | Found Irasti Haumi's Gadget Boutique.
 11042 | D:9      | You fall through a shaft for 3 floors!
 11042 | D:12     | Found a staircase to the Orcish Mines.
 11042 | D:12     | Noticed a centaur warrior
 11071 | D:12     | Got a polished large shield
 11084 | D:12     | Identified the +8 large shield "Leutitudd" {MR+ Dex+3 Slay+2} (You found it on level 12 of the Dungeon)
 11133 | D:12     | Noticed a cyclops
 11150 | D:12     | Noticed a white ugly thing
 11152 | D:12     | Noticed a cyclops
 11153 | D:12     | Noticed a two-headed ogre
 11153 | D:12     | Offered knowledge of Sting by Vehumet.
 11201 | D:12     | Learned a level 1 spell: Sting
 11232 | D:12     | Noticed a catoblepas
 11245 | D:12     | Killed a two-headed ogre
 11275 | D:12     | Noticed a manticore
 11294 | D:12     | Slain by a catoblepas

Skill      XL: |  1  2  3  4  5  6  7  8  9 10 |
---------------+-------------------------------+-----
Necromancy     | 5 6 7 8 10 11 12 | 12.4
Spellcasting   | 4 5 6 8 10 11 13 | 13.3
Stealth        | 3 |  3.1
Earth Magic    | 1 2 3 4 |  4.1
Dodging        | 3 4 6 7 |  7.2
Armour         | 1 2 |  2.9
Charms         | 1 |  1.1
Hexes          | 2 |  2.2
Ice Magic      | |  0.1

Action                   |  1- 3 |  4- 6 |  7- 9 | 10-12 || total
-------------------------+-------+-------+-------+-------++-------
Melee: Dagger            |     4 |    25 |   348 |   256 ||   633
       Unarmed           |     2 |       |       |       ||     2
 Cast: Pain              |    87 |    75 |   126 |    11 ||   299
       Animate Skeleton  |     1 |       |       |       ||     1
       Regeneration      |     1 |     1 |     6 |     2 ||    10
       Vampiric Draining |       |     4 |    19 |    12 ||    35
       Borgnjor's Vile C |       |     2 |    17 |    15 ||    34
       Animate Dead      |       |       |     3 |     6 ||     9
       Confuse           |       |       |       |    14 ||    14
       Freeze            |       |       |       |     1 ||     1
       Gell's Gravitas   |       |       |       |     1 ||     1
Evoke: Wand              |       |       |       |     1 ||     1
  Use: Scroll            |     6 |     1 |    13 |     3 ||    23
       Potion            |     5 |     2 |       |     1 ||     8
 Stab: Sleeping          |     2 |     3 |     4 |     2 ||    11
       Confused          |       |       |       |     3 ||     3
       Distracted        |       |       |       |     1 ||     1
  Eat: Chunk             |     1 |     3 |     6 |     1 ||    11
       Ration            |     1 |     1 |     3 |     3 ||     8
Armor: Robe              |     6 |    18 |    49 |       ||    73
       Troll leather arm |       |       |   126 |    99 ||   225
Dodge: Dodged            |    21 |    44 |   363 |   219 ||   647
